 Dungeon Crawl Stone Soup version 0.30-a0-242-g7bf8e6d787 (webtiles) character file.

Game seed: 1431070418990958574

604 kae the Ruffian (level 7, -1/58 HPs)
             Began as a Grey Draconian Transmuter on Oct 11, 2022.
             Succumbed to a gnoll's poison
             ... on level 4 of the Dungeon.
             The game lasted 00:06:01 (4042 turns).

kae the Ruffian (Grey Draconian Transmuter)         Turns: 4042, Time: 00:06:02

Health: -1/58      AC:  2    Str: 12    XL:     7   Next: 18%
Magic:  5/12       EV: 19    Int: 16    God:
Gold:   244        SH:  0    Dex: 16    Spells: 3/13 levels left

rFire   + . .      SeeInvis .      - Unarmed
rCold   . . .      Faith    .    (shield currently unavailable)
rNeg    . . .      Spirit   .    (body armour unavailable)
rPois   x          Reflect  .    (helmet currently unavailable)
rElec   .          Harm     .    (cloak currently unavailable)
rCorr   .          Rampage  .    (gloves currently unavailable)
Will    .....                    (boots currently unavailable)
Stlth   +.........               (no amulet)
HPRegen 0.29/turn                F - ring of protection from fire
MPRegen 0.13/turn                (no ring)

@: lethally poisoned (-1 -> -24), spider-form, wereblooded (expiring)
A: venomous fangs, AC +11, (amphibious), tiny, unfitting armour, (cold-blooded)
a: End Transformation


You were on level 4 of the Dungeon.
You were a venomous arachnid creature.
You visited 1 branch of the dungeon, and saw 4 of its levels.
You also visited: Sewer.

You collected 244 gold pieces.


Innate Abilities, Weirdness & Mutations

You are a venomous arachnid creature.
You have poisonous fangs.
You are tiny and dextrous.
Your spellcasting is less reliable in this form.
Your armour is entirely melded.
You are incapable of wielding weapons or throwing items.
((Your dull iron-grey scales are very hard. (AC +11)))
((You are amphibious.))
You cannot fit into any form of body armour.
((You are cold-blooded and may be slowed by cold attacks.))


   Skills:
 + Level 3.7 Fighting
 - Level 1.7 Dodging
 + Level 4.4 Unarmed Combat
 + Level 3.7 Spellcasting
 - Level 3.2 Transmutations
 * Level 2.2 Ice Magic
 - Level 3.0 Poison Magic


You had 3 spell levels left.
You knew the following spells:

 Your Spells              Type           Power      Damage    Failure   Level
a - Beastly Appendage     Tmut           26%        N/A       14%         1
b - Wereblood             Tmut           13%        N/A       19%         2
c - Spider Form           Tmut/Pois      13%        N/A       32%         3
d - Ice Form              Ice/Tmut       11%        N/A       71%         4

Your spell library contained the following spells:

 Spells                   Type           Power      Damage    Failure   Level
 Gell's Gravitas          Tloc           2%         N/A       67%         3
 Teleport Other           Tloc           2%         N/A       67%         3
 Summon Forest            Summ/Tloc      1%         N/A       100%        5
 Dispersal                Tloc           1%         N/A       100%        6
 Eringya's Noxious Bog    Tmut/Pois      6%         N/A       100%        6
 Summon Hydra             Summ           1%         N/A       100%        7

Inventory:

Hand Weapons
 m - a +3 whip
   (You took it off a kobold on level 3 of the Dungeon)
Missiles
 d - 6 poisoned darts
 e - 6 boomerangs
 f - 31 stones
Magical Staves
 n - a staff of air {!a}
   (You found it in a sewer)
Jewellery
 F - a ring of protection from fire (left front leg)
   (You found it on level 1 of the Dungeon)
Wands
 o - a wand of quicksilver (10)
   (You found it on level 4 of the Dungeon)
Scrolls
 b - 3 scrolls of identify {@r1}
 g - a scroll of summoning
 j - a scroll of vulnerability {!r!r}
 l - a scroll of blinking {!r}
Potions
 a - a potion of lignification {!q}
 c - 2 potions of curing {@q1}
 h - a potion of berserk rage {!q}
 i - a potion of mutation {!q}
 k - 2 potions of ambrosia

Dungeon Overview and Level Annotations

Branches:
Dungeon (4/15) Zot: 20554   Sewer (visited)
 Temple: D:4-7

Altars:

#.....##.......#
...#..#........#
#.##..#.........#
#.###.##........# ##
..###..#.......... ..#
...#..........#.## ....
.#...........######.....
##..........#####g..#
#...........###gs..#
...............)####
..........#.....#
.......#..##.####
#.....######.# #.##...#
### ##.#...## ........#
.......##


You could see 2 gnolls.


Message History

😕 HP[-4] MP[+1]
You take 4 damage, and now have 53/57 hp.
You hit the gnoll bouda but do no damage.
The gnoll bouda is poisoned.
You hiss as the wereblood boils in your veins!
The gnoll misses you.
The gnoll bouda hits you with a +0 club!
Your magical contamination has completely faded away. 😕 HP[-8]
You take 8 damage, and now have 45/57 hp.
You hit the gnoll bouda.
You hiss as the wereblood boils in your veins!
The gnoll hits you from afar with a +0 spear.
The gnoll barely misses you.
The gnoll bouda closely misses you. 😮 HP[-5]
You take 5 damage, and now have 40/57 hp.
You hit the gnoll bouda. The gnoll closely misses you.
The gnoll hits you with a +0 spear.
The gnoll bouda barely misses you. 😮 HP[-3]
You take 3 damage, and now have 37/57 hp.
You hit the gnoll.
The gnoll is poisoned.
The gnoll completely misses you.
The gnoll hits you with a +0 spear. 😮 HP[-5]
You take 5 damage, and now have 32/57 hp.
You bite the gnoll!
You feel a bit better.
You kill the gnoll!
You hiss as the wereblood boils in your veins!
Your attacks no longer feel as feeble.
The gnoll bouda gazes fiercely through you!
You feel your attacks grow feeble. The gnoll barely misses you.
Your Ice Magic skill increases to level 2! 😮 HP[+4]
You regained 4 hp, and now have 36/57 hp.
You barely miss the gnoll.
Your transformation is almost over.
The gnoll is no longer moving quickly.
The gnoll bouda closely misses you. The gnoll misses you.
The gnoll barely misses you.
You hit the gnoll bouda.
The gnoll bouda looks as sick as possible!
The gnoll bouda hits you with a +0 club.
The gnoll completely misses you. 😮 HP[-2] MP[+1]
You take 2 damage, and now have 34/57 hp.
You hit the gnoll bouda.
You feel a bit better.
You kill the gnoll bouda!
The gnoll misses you.
The gnoll hits you with a +0 flail! 😮 HP[-4]
You now have 58 max hp (+1).
You take 4 damage, and now have 30/58 hp.
You barely miss the gnoll.
The gnoll hits you from afar with a +0 spear!
* * * LOW HITPOINT WARNING * * *
The gnoll hits you with a +0 flail.
* * * LOW HITPOINT WARNING * * *
😨 HP[-11]
You take 11 damage, and now have 19/58 hp.
You hit the gnoll.
The gnoll is poisoned.
The gnoll is no longer moving quickly.
The gnoll hits you from afar with a +0 spear.
* * * LOW HITPOINT WARNING * * *
The gnoll misses you. 😨 HP[-3]
You take 3 damage, and now have 16/58 hp.
Unknown command.
You hit the gnoll.
The gnoll looks as sick as possible!
The gnoll is no longer moving quickly.
The gnoll barely misses you. 😨 HP[+1]
Your attacks no longer feel as feeble.
You feel a bit better.
You kill the gnoll!
The gnoll completely misses you. The gnoll misses you. 😨 HP[+1]
The gnoll misses you.
Items here: )))) [ †††.
You barely miss the gnoll. The gnoll barely misses you. 😨 HP[+1]
You barely miss the gnoll. The gnoll closely misses you. 😨 MP[+1]
Your primal bloodlust is almost over.
The gnoll closely misses you. The gnoll hits you with a +0 spear.
* * * LOW HITPOINT WARNING * * *
😱 HP[-5]
You take 5 damage, and now have 14/58 hp.
You hit the gnoll.
Your transformation has ended.
The gnoll barely misses you. The gnoll hits you with a +0 spear.
* * * LOW HITPOINT WARNING * * *
😱 HP[-2]
You take 2 damage, and now have 12/58 hp.
Casting: Wereblood (safe; 7% risk of failure)
Confirm with . or Enter, or press ? or * to list all spells.
You turn into a venomous arachnid creature.
The gnoll hits you with a +0 whip of venom.
* * * LOW HITPOINT WARNING * * *
You are lethally poisoned!
The gnoll hits you with a +0 spear.
* * * LOW HITPOINT WARNING * * *
You hiss as the wereblood boils in your veins!
You die...

Skill      XL: |  1  2  3  4  5  6  7 |
---------------+----------------------+-----
Fighting       | 2 3 |  3.7
Poison Magic   | 1 2 3 |  3.0
Spellcasting   | 3 |  3.7
Transmutations | 3 |  3.2
Unarmed Combat | 4 |  4.4
Ice Magic      | 1 2 |  2.2
Dodging        | |  1.7

Action                   |  1- 3 |  4- 6 |  7- 9 || total
-------------------------+-------+-------+-------++-------
Melee: Unarmed           |   108 |   128 |    17 ||   253
       Tailslap          |    13 |     5 |       ||    18
       Kick              |    13 |     6 |       ||    19
       Headbutt          |    13 |     5 |       ||    18
       Punch             |     1 |     1 |       ||     2
       Whip              |       |    22 |       ||    22
 Cast: Beastly Appendage |    19 |    12 |       ||    31
       Spider Form       |     3 |    20 |     2 ||    25
       Wereblood         |       |     2 |     1 ||     3
  Use: Scroll            |     4 |     9 |       ||    13
       Potion            |       |     3 |       ||     3
 Stab: Sleeping          |     1 |       |       ||     1
Armor: Skin              |    39 |    33 |     2 ||    74
Dodge: Dodged            |    71 |   104 |    35 ||   210

Levels and vault maps discovered:
D:1:      dpeg_arrival_yet_another_circle, layout_loops_cross, serial_forest,
          infiniplex_forest_clump_tiny, infiniplex_forest_lined_3,
          infiniplex_forest_clump_curved, infiniplex_forest_zigzag_2,
          infiniplex_forest_diagonal, infiniplex_forest_lined_room_,
          infiniplex_forest_lined_3, infiniplex_forest_end_1
D:2:      layout_basic, basic_ecumenical_altar, serial_forest,
          infiniplex_forest_straight_4, infiniplex_forest_lined_corner,
          infiniplex_forest_clump_small, infiniplex_forest_lined_1,
          infiniplex_forest_straight_1, infiniplex_forest_clump_cross,
          infiniplex_forest_clump_tiny, infiniplex_forest_clump_small,
          infiniplex_forest_lined_1, infiniplex_forest_straight_3, st_stairs_8
D:3:      layout_loops_ring, minmay_misc_feat_x
D:4:      layout_cave_pools, cheibrodos_sewer_entry_drain

Notes
Turn   | Place    | Note
-------+----------+-------------------------------------------
     0 | D:1      | kae the Draconian Transmuter began the quest for the Orb.
     0 | D:1      | Reached XP level 1. HP: 16/16 MP: 3/3
     0 | D:1      | magus.rc [v1.11.3]
   268 | D:1      | Reached XP level 2. HP: 23/23 MP: 3/5
   852 | D:2      | You add the spells Gell's Gravitas, Teleport Other and
                  | Dispersal to your library.
   902 | D:2      | Found a faded altar of an unknown god.
  1072 | D:2      | Learned a level 2 spell: Wereblood
  1137 | D:2      | Reached skill level 2 in Fighting
  1137 | D:2      | Reached XP level 3. HP: 25/29 MP: 4/6
  1141 | D:2      | Learned a level 3 spell: Spider Form
  1937 | D:2      | Reached skill level 1 in Poison Magic
  1937 | D:2      | Reached XP level 4. HP: 22/36 MP: 1/7
  2521 | D:3      | Reached XP level 5. HP: 20/42 MP: 2/9
  2847 | D:4      | Reached skill level 3 in Spellcasting
  2847 | D:4      | Reached skill level 3 in Transmutations
  2847 | D:4      | Reached skill level 2 in Poison Magic
  2979 | D:4      | Reached XP level 6. HP: 37/50 MP: 3/10
  3148 | D:4      | Reached skill level 3 in Fighting
  3148 | D:4      | Reached skill level 4 in Unarmed Combat
  3148 | D:4      | Reached skill level 3 in Poison Magic
  3187 | D:4      | Learned a level 4 spell: Ice Form
  3212 | D:4      | Found a glowing drain.
  3246 | Sewer    | Entered a sewer
  3545 | Sewer    | Reached skill level 1 in Ice Magic
  3872 | D:4      | You add the spells Summon Forest, Eringya's Noxious Bog and
                  | Summon Hydra to your library.
  3915 | D:4      | Your scales start taking on a dull iron-grey colour.
  3915 | D:4      | Reached XP level 7. HP: 37/57 MP: 8/12
  4029 | D:4      | Reached skill level 2 in Ice Magic
  4039 | D:4      | HP: 14/58 [gnoll/+0 spear[a gnoll bouda] (5)]
  4041 | D:4      | HP: 5/58 [gnoll/+0 spear[a gnoll bouda] (4)]
  4042 | D:4      | Succumbed to a gnoll's poison

Vanquished Creatures
  2 ogres (D:4)
  A bullfrog (Sewer)
  A necrophage (D:4)
  A scorpion (D:4)
  A gnoll bouda (D:4)
  An orc wizard (D:3)
  6 gnolls
  4 adders
  6 worms
  4 dart slugs
  3 orcs
  5 bats
  6 endoplasms
  14 giant cockroaches
  4 goblins
  4 hobgoblins
  4 quokkas (Sewer)
  7 ball pythons
  9 frilled lizards
  7 kobolds
  3 rats
93 creatures vanquished.

Vanquished Creatures (others)
  2 plants (D:2)
2 creatures vanquished.

Grand Total: 95 creatures vanquished

Table legend:
 A = Non-vault XP
 B = Vault XP
 C = Vault XP percentage of total XP
 D = Non-vault monster count
 E = Vault monster count
 F = Vault count percentage of total count
                 A         B        C        D         E       F
            +---------+---------+-------+---------+---------+-------
      Total |     714 |     149 |  17.3 |      64 |      29 |  31.2
            +---------+---------+-------+---------+---------+-------
        D:1 |      25 |       0 |   0.0 |      12 |       0 |   0.0
        D:2 |      78 |       1 |   1.3 |      18 |       1 |   5.3
        D:3 |     104 |       0 |   0.0 |      18 |       0 |   0.0
        D:4 |     507 |      11 |   2.1 |      16 |       3 |  15.8
      Sewer |       0 |     137 | 100.0 |       0 |      25 | 100.0
            +---------+---------+-------+---------+---------+-------

Illustrated notes

Table legend:
 A = Kills in this place as a percentage of kills in entire the game.
 B = Kills by you in this place as a percentage of kills by you in the entire game.
 C = Kills by friends in this place as a percentage of kills by friends in the entire game.
 D = Other kills in this place as a percentage of other kills in the entire game.
 E = Experience gained in this place as a percentage of experience gained in the entire game.
 F = Experience gained in this place divided by the number of levels of this place that you have seen.
                   A       B       C       D       E      F
               +-------+-------+-------+-------+-------+----------------------
         Total | 100.0 | 100.0 |   N/A |   N/A | 100.0 | 172.6
       Dungeon |  73.1 |  73.1 |   N/A |   N/A |  84.1 | 181.5
         Sewer |  26.9 |  26.9 |   N/A |   N/A |  15.9 | 137.0
               +-------+-------+-------+-------+-------+----------------------

Table legend: (Time is in decaauts)
 A = Elapsed time spent in this place.
 B = Non-inter-level travel time spent in this place.
 C = Inter-level travel time spent in this place.
 D = Time resting spent in this place.
 E = Time spent auto-exploring this place.
 F = Levels seen in this place.
 G = Mean time per level.
                   A        B        C        D        E       F      G
               +--------+--------+--------+--------+--------+-----+--------+
         Total |   4145 |   4103 |     42 |    194 |   2944 |   5 |  829.0 |
       Dungeon |   3445 |   3403 |     42 |    177 |   2528 |   4 |  861.2 |
         Sewer |    699 |    699 |      0 |     17 |    416 |   1 |  699.0 |
               +--------+--------+--------+--------+--------+-----+--------+

Top non-repeatable levels by time:
     D:3: 993 daAuts
     D:2: 934 daAuts
     D:1: 848 daAuts
   Sewer: 699 daAuts
     D:4: 669 daAuts
